 Dungeon Crawl Stone Soup version 0.28.0-53-g5a82cb258f (webtiles) character file.

Game seed: 13810754547142185539

108 Cape the Chopper (level 4, 0/40 HPs)
             Began as a Minotaur Berserker on Aug 12, 2022.
             Was a Believer of Trog.
             Killed from afar by a steam dragon (18 damage)
             ... with a ball of steam
             ... on level 3 of the Dungeon.
             The game lasted 00:08:53 (2932 turns).

Cape the Chopper (Minotaur Berserker)               Turns: 2932, Time: 00:08:53

Health: 0/40       AC:  9    Str: 24    XL:     4   Next: 58%
Magic:  3/3        EV: 12    Int:  1    God:    Trog [**....]
Gold:   117        SH:  0    Dex: 13    Spells: 3/3 levels left

rFire   . . .      SeeInvis .   g - +4 whip (distort)
rCold   . . .      Faith    .   (no shield)
rNeg    + . .      Spirit   .   i - +0 ring mail
rPois   +          Reflect  .   (helmet restricted)
rElec   .          Harm     .   (no cloak)
rCorr   .          Rampage  .   (no gloves)
Will    .....                   e - +2 pair of boots "Figoc" {rPois Regen+ Int-3 Dex+4}
Stlth   +.........              (no amulet)
HPRegen 0.93/turn               f - ring of positive energy
MPRegen 0.08/turn               (no ring)

@: no status effects
A: horns 2, retaliatory headbutt
a: Renounce Religion, Berserk, Trog's Hand


You were on level 3 of the Dungeon.
You worshipped Trog.
Trog was pleased with you.
You visited 1 branch of the dungeon, and saw 3 of its levels.
You visited the Abyss 1 time.

You collected 117 gold pieces.

Inventory:

Hand Weapons
 a - a +0 hand axe
 g - a +4 whip of distortion (weapon)
Armour
 e - the +2 pair of boots "Figoc" (worn) {rPois Regen+ Int-3 Dex+4}
   (You found it on level 2 of the Dungeon)

   Int:       It affects your intelligence (-3).
   Dex:       It affects your dexterity (+4).
   rPois:     It protects you from poison.
   Regen:     It increases your rate of health regeneration.
 i - a +0 ring mail (worn)
Jewellery
 f - a ring of positive energy (left hand)
Potions
 b - a potion of berserk rage {unknown}
 c - 2 potions of brilliance
 d - a potion of lignification {unknown}


   Skills:
 + Level 4.2 Fighting
 - Level 4.9 Axes
 * Level 0.0(2.9) Maces & Flails
 * Level 3.9 Armour
 + Level 2.8 Dodging


You had 3 spell levels left.
You didn't know any spells.
Your spell library was empty.

Dungeon Overview and Level Annotations

Branches:
Dungeon (3/15)

Altars:
Lugonu

Shops:
D:3 =

Portals:
Abyss: D:3


Innate Abilities, Weirdness & Mutations

You have a pair of horns on your head.
You reflexively headbutt those who attack you in melee.


Message History

You barely miss the steam dragon. You headbutt the steam dragon.
The steam dragon is lightly wounded.
The steam dragon closely misses you.
The steam dragon claws you but does no damage.
You hit the steam dragon.
Space warps around the steam dragon.
Your headbutt misses the steam dragon.
The steam dragon is moderately wounded.
The steam dragon misses you. You furiously retaliate!
You headbutt the steam dragon, but do no damage.
The steam dragon completely misses you.
You hit the steam dragon.
Space warps around the steam dragon!
You headbutt the steam dragon, but do no damage.
The steam dragon is severely wounded.
You hit the steam dragon but do no damage.
Space warps around the steam dragon.
Your headbutt misses the steam dragon.
The steam dragon is almost dead.
The steam dragon bites you but does no damage.
The steam dragon claws you but does no damage.
You barely miss the steam dragon.
The steam dragon is almost dead.
The steam dragon closely misses you. x2
You hit the steam dragon.
The steam dragon is almost dead.
The steam dragon blinks!
Found a buckler.
You see here 10 gold pieces.
You hit the steam dragon.
The steam dragon is almost dead.
The steam dragon blinks!
The steam dragon breathes steam at you. The ball of steam hits you!!
Ouch! That really hurt!
You hear a shout! x2
You see here 10 gold pieces.
You hit the steam dragon but do no damage.
The steam dragon is almost dead.
The steam dragon blinks!
The steam dragon breathes steam at you. The ball of steam hits you!!
You die...

####. ##...# # ....##.## ).. #
.....#.# ##.. #.#.[.....
##..## #.#§##.#.# #....#
#..§...#.# #...# #########
#.#§#§.#.# #...# #.......#
#.#@#..#.# #...#### #.....!.#
#...§....####...(... #....D<.#
#.#.#§##...[.#''#...
#..............D.....###..###.
#.......###.##.###..###...#.##
#.......# ## #.# #####...§§§##
#.......# #.# #..§§§§.#
######### #.# ##.§...§. #.
#.§#§§§#


There were no monsters in sight!

Vanquished Creatures
  A fire bat (Abyss:1)
  4 adders (D:2)
  A worm (D:2)
  2 dart slugs (D:1)
  3 endoplasms
  A giant cockroach (D:1)
  7 hobgoblins
  11 jackals
  A quokka (D:2)
  4 ball pythons
  7 bats (D:1)
  5 frilled lizards
  3 goblins
  9 kobolds
  3 rats
62 creatures vanquished.

Vanquished Creatures (others)
  2 plants (D:1)
2 creatures vanquished.

Grand Total: 64 creatures vanquished

Notes
Turn   | Place    | Note
-------+----------+-------------------------------------------
     0 | D:1      | Cape the Minotaur Berserker began the quest for the Orb.
     0 | D:1      | Reached XP level 1. HP: 19/19 MP: 0/0
   239 | D:1      | Found a faded altar of an unknown god.
   256 | D:1      | Reached XP level 2. HP: 15/27 MP: 1/1
   890 | D:1      | Reached ** piety under Trog
   919 | D:1      | Reached XP level 3. HP: 33/33 MP: 2/2
  1774 | D:2      | Reached XP level 4. HP: 28/40 MP: 3/3
  2154 | D:2      | Identified the +2 pair of boots "Figoc" {rPois Regen+ Int-3
                  | Dex+4}
  2572 | D:3      | Noticed a steam dragon
  2689 | D:3      | Found Ogickon's Jewellery Emporium.
  2740 | D:3      | Found a large runed translucent door.
  2740 | D:3      | Found a large runed translucent door.
  2743 | D:3      | Found a corrupted altar of Lugonu.
  2766 | D:3      | Found a one-way gate to the infinite horrors of the Abyss.
  2766 | D:3      | Cast into level 1 of the Abyss (kobold)
  2850 | Abyss:1  | Noticed a neqoxec
  2856 | Abyss:1  | Noticed a fire bat
  2872 | Abyss:1  | Killed a fire bat
  2877 | D:3      | Escaped the Abyss
  2932 | D:3      | Killed from afar by a steam dragon

Illustrated notes

Levels and vault maps discovered:
D:1:      kilobyte_arrival_exit_the_forest, layout_rooms,
          shapermc_ecumenical_altar_mp_urbaneastern, minmay_pentomino_v2
D:2:      layout_basic
D:3:      due_chaos_kobolds, layout_loops_cross, elyvilon_altar_1, serial_shops,
          shop, nicolae_grassy_gnolls, uniq_robin, uniq_jessica

Skill      XL: |  1  2  3 |
---------------+----------+-----
Axes           | 4 |  4.9
Armour         | 3 |  3.9
Fighting       | 4 |  4.2
Dodging        | |  2.8

Action                   |  1- 3 |  4- 6 || total
-------------------------+-------+-------++-------
Melee: Hand axe          |   107 |    50 ||   157
       Headbutt          |     9 |    10 ||    19
       Punch             |     2 |       ||     2
       Whip              |       |     8 ||     8
  Use: Scroll            |     1 |     3 ||     4
Armor: Animal skin       |    52 |     6 ||    58
       Ring mail         |       |    20 ||    20
Dodge: Dodged            |    70 |    43 ||   113
